 Dungeon Crawl Stone Soup version 0.22-a0-247-gbddf880 (webtiles) character file.

466 sankara the Changer (level 6, 0/47 HPs)
             Began as a Draconian Transmuter on Feb 23, 2018.
             Was an Initiate of Gozag.
             Killed by divine providence
             ... invoked by an orc priest
              (17 damage)
             ... on level 4 of the Dungeon.
             The game lasted 00:14:53 (3951 turns).

sankara the Changer (Draconian Transmuter)          Turns: 3951, Time: 00:14:54

Health: 0/47       AC:  2    Str: 10 (12) XL:     6   Next: 81%
Magic:  5/10       EV: 19    Int: 14 (16) God:    Gozag
Gold:   269        SH:  0    Dex: 17 (19) Spells: 4/10 levels left

rFire    . . .     SeeInvis .     - Unarmed
rCold    . . .     Gourm    .   (shield currently unavailable)
rNeg     . . .     Faith    .   (armour unavailable)
rPois    x         Spirit   .   (helmet currently unavailable)
rElec    .         Reflect  .   (cloak currently unavailable)
rCorr    .         Harm     .   (gloves currently unavailable)
MR       .....                  (boots currently unavailable)
Stlth    ++........             (no amulet)
HPRegen  0.15/turn              o - +3 ring of dexterity
MPRegen  0.12/turn              (no ring)

@: spider-form, gold aura
A: tiny, unfitting armour, AC +6
a: End Transformation, Potion Petition, Call Merchant, Bribe Branch, Renounce
Religion


You were on level 4 of the Dungeon.
You worshipped Gozag.
Gozag was aware of your devotion.
You were not hungry.
You were a venomous arachnid creature.
You visited 1 branch of the dungeon, and saw 4 of its levels.

You collected 331 gold pieces.
You paid 62 gold pieces to Gozag.

Inventory:

Hand Weapons
 a - a +0 hunting sling (melded)
   (You took it off a goblin on level 2 of the Dungeon)
 c - a +0 dagger
   (You took it off a kobold on level 1 of the Dungeon)
Missiles
 j - 33 sling bullets
 l - 164 stones
 n - 65 arrows
 q - 5 tomahawks (quivered)
Jewellery
 o - a +3 ring of dexterity (left front leg)
   (You found it on level 2 of the Dungeon)
Scrolls
 b - a scroll of noise {unknown}
 d - a scroll of magic mapping {unknown}
 g - 3 scrolls of identify {unknown}
 h - a scroll of immolation {unknown}
 k - 2 scrolls of fear {unknown}
 m - 2 scrolls of amnesia {unknown}
 s - 2 scrolls of remove curse {unknown}
 u - a scroll of random uselessness {unknown}
 v - a scroll of blinking {unknown}
 w - a scroll of enchant weapon {unknown}
Potions
 e - a potion of berserk rage {unknown}
 i - a potion of haste
 p - a potion of cancellation {unknown}
Comestibles
 f - 3 rations


   Skills:
 - Level 1.1 Fighting
 - Level 1.7 Dodging
 - Level 1.0 Stealth
 + Level 4.5 Unarmed Combat
 + Level 2.9 Spellcasting
 * Level 5.3 Transmutations
 - Level 2.0 Poison Magic


You had 4 spell levels left.
You knew the following spells:

 Your Spells              Type           Power        Failure   Level  Hunger
a - Beastly Appendage     Tmut           ###...       9%          1    #......
b - Sticks to Snakes      Tmut           ###.....     12%         2    ##.....
c - Spider Form           Tmut/Pois      ##........   32%         3    ###....


Dungeon Overview and Level Annotations

Branches:
Dungeon (4/15)
 Temple: D:4-7

Altars:
Gozag
Xom


Innate Abilities, Weirdness & Mutations

((Your plain brown scales are hard. (AC +6)))
You cannot fit into any form of body armour.
((You are cold-blooded and may be slowed by cold attacks.))


Message History

Duvessa completely misses you.
The frilled lizard bites you but does no damage.
You bite Duvessa!
Duvessa looks as sick as possible!
Duvessa is severely wounded.
The orc priest miscasts a cantrip.
Duvessa is distracted by the nearby gold.
The frilled lizard closely misses you.
Dowan smirks and points a slender finger.
Duvessa shouts!
You hit Duvessa but do no damage.
Duvessa looks as sick as possible!
Duvessa is no longer distracted by gold.
Duvessa is severely wounded.
The orc priest casts a cantrip, but nothing happens.
Duvessa hits you with a short sword.
The frilled lizard is distracted by the nearby gold.
The frilled lizard hisses angrily.
You bite Duvessa!
Duvessa is almost dead.
The frilled lizard is no longer distracted by gold.
The orc priest calls down the wrath of Beogh upon you.
Beogh smites you!
The orc priest is distracted by the nearby gold.
Duvessa is distracted by the nearby gold.
The frilled lizard barely misses you.
The orc priest shouts!
Duvessa shouts!
You hit Duvessa but do no damage.
Duvessa looks as sick as possible!
Duvessa is no longer distracted by gold.
Duvessa is almost dead.
You kill Duvessa!
Dowan's eyes darken. "You have made a black mistake."
Dowan seems to find hidden reserves of power!
Your Transmutations skill increases to level 5!
Dowan says, "How can I live without her?"
You hit Dowan.
Dowan is poisoned.
Dowan is lightly wounded.
Dowan barely misses you. The frilled lizard bites you.
Dowan hits you but does no damage.
You hit Dowan.
Dowan looks as sick as possible!
Dowan is heavily wounded.
The orc priest is no longer distracted by gold.
The frilled lizard bites you. Dowan closely misses you.
You barely miss Dowan.
Dowan is heavily wounded.
The frilled lizard barely misses you.
Dowan points at you and mumbles some strange words.
The shard of ice misses you.
You hit Dowan but do no damage.
Dowan looks as sick as possible!
Dowan is heavily wounded.
Dowan closely misses you. The frilled lizard misses you.
Dowan points at you and mumbles some strange words.
The shard of ice misses you.
You hit Dowan.
Dowan looks as sick as possible!
Dowan is heavily wounded.
Your transformation has ended.
Your +0 hunting sling unmelds from your body.
The frilled lizard bites you but does no damage.
Dowan hits you but does no damage.
Casting: Spider Form (safe; 13% risk of failure)
Confirm with . or Enter, or press ? or * to list all spells.
Okay, then.
It was a potion of degeneration.
There was something very wrong with that liquid.
You feel weakened.
You feel dopey.
You feel clumsy. Dowan hits you with a dagger!
* * * LOW HITPOINT WARNING * * *
The frilled lizard bites you but does no damage.
It was a potion of curing.
You feel better. Dowan hits you but does no damage.
The frilled lizard bites you.
Dowan breathes, "And she was my only..."
Dowan hits you but does no damage.
Casting: Spider Form (safe; 16% risk of failure)
Confirm with . or Enter, or press ? or * to list all spells.
You turn into a venomous arachnid creature.
Your +0 hunting sling melds into your body.
You kill Dowan!
The frilled lizard misses you.
The orc priest begins to cast a cantrip, but forgets the words!
You hit the orc priest.
The orc priest is poisoned.
The orc priest is moderately wounded.
The frilled lizard completely misses you.
You bite the orc priest!
The orc priest looks as sick as possible!
The orc priest is almost dead.
You kill the orc priest!
The frilled lizard misses you.
You barely miss the worker ant.
The worker ant is lightly wounded.
The worker ant completely misses you. The frilled lizard misses you.
You barely miss the worker ant.
The worker ant is lightly wounded.
The worker ant completely misses you.
The frilled lizard completely misses you.
You hit the worker ant but do no damage.
The worker ant is poisoned.
The worker ant is lightly wounded.
The worker ant barely misses you.
The orc priest mumbles some strange prayers to Beogh against you.
Beogh smites you!
You die...
Your body crumbles into a pile of gold.

.......#...#
#.##.#....#####
..............#
.####.###.###.#
#.......#
#..#.##.#
##.#....#
#.#..#.#
#s######
#al......
oo####### (###
(# (# (# .(


You could see a worker ant, an orc priest, an orc and a frilled lizard.

Vanquished Creatures
  Duvessa (D:4)
  Dowan (D:4)
  A howler monkey (D:4)
  4 orc priests
  An orc wizard (D:4)
  2 adders
  An adder skeleton (D:3)
  2 worms
  2 dart slugs
  4 leopard geckos
  19 orcs
  3 bats
  A giant cockroach (D:1)
  8 goblins
  4 hobgoblins
  2 jackals
  9 kobolds
  A quokka (D:2)
  5 frilled lizards
  7 rats
78 creatures vanquished.

Vanquished Creatures (others)
  A centaur skeleton (D:4)
  An orc (D:4)
2 creatures vanquished.

Grand Total: 80 creatures vanquished

Notes
Turn   | Place    | Note
-------+----------+-------------------------------------------
     0 | D:1      | sankara the Draconian Transmuter began the quest for the Orb.
     0 | D:1      | Reached XP level 1. HP: 16/16 MP: 3/3
    13 | D:1      | HP: 3/16 [worm (7)]
   290 | D:1      | HP: 3/16 [leopard gecko (4)]
   584 | D:1      | Reached XP level 2. HP: 20/23 MP: 3/5
   659 | D:1      | Learned a level 2 spell: Sticks to Snakes
  1195 | D:2      | Reached skill level 3 in Transmutations
  1205 | D:2      | Noticed a phantom
  1480 | D:2      | Reached XP level 3. HP: 20/28 MP: 4/6
  1730 | D:2      | Found a shimmering altar of Xom.
  1793 | D:2      | Learned a level 3 spell: Spider Form
  2618 | D:3      | Reached skill level 1 in Stealth
  2621 | D:3      | Reached XP level 4. HP: 33/35 MP: 1/7
  2633 | D:3      | Reached skill level 1 in Poison Magic
  2895 | D:3      | Found an opulent altar of Gozag.
  2920 | D:3      | Became a worshipper of Gozag Ym Sagoz the Greedy
  3038 | D:3      | Reached skill level 4 in Transmutations
  3428 | D:3      | Reached XP level 5. HP: 31/40 MP: 8/8
  3844 | D:4      | Reached skill level 4 in Unarmed Combat
  3919 | D:4      | Noticed Duvessa
  3920 | D:4      | Noticed Dowan
  3930 | D:4      | Reached skill level 2 in Poison Magic
  3930 | D:4      | Reached XP level 6. HP: 41/47 MP: 5/9
  3938 | D:4      | Killed Duvessa
  3938 | D:4      | Reached skill level 5 in Transmutations
  3944 | D:4      | HP: 9/47 [Dowan/dagger (7)]
  3946 | D:4      | Killed Dowan
  3951 | D:4      | Killed from afar by an orc priest

Vault maps used:
D:1:      evilmike_arrival_run_for_it, minmay_box_of_dots
D:2:      old_standard_altar
D:3:      nicolae_gozag_cash_rules_everything_around_me
D:4:      kennysheep_little_box, fiery_altar_vehumet, lemuel_round_altar,
          uniq_duvessa, uniq_ijyb

Skill      XL: |  1  2  3  4  5  6 |
---------------+-------------------+-----
Transmutations | 3 4 5 |  5.3
Stealth        | 1 |  1.0
Poison Magic   | 1 2 |  2.0
Unarmed Combat | 4 |  4.5
Fighting       | |  1.1
Dodging        | |  1.7
Spellcasting   | |  2.9

Action                   |  1- 3 |  4- 6 || total
-------------------------+-------+-------++-------
Melee: Unarmed           |   108 |   108 ||   216
       Tailslap          |     6 |     4 ||    10
       Headbutt          |     4 |     1 ||     5
       Kick              |     6 |     6 ||    12
       Punch             |     3 |     1 ||     4
 Fire: Hunting sling     |    44 |    38 ||    82
 Cast: Beastly Appendage |    22 |     8 ||    30
       Spider Form       |     1 |     4 ||     5
       Sticks to Snakes  |     1 |       ||     1
  Use: Potion            |       |     2 ||     2
 Stab: Sleeping          |     1 |       ||     1
       Distracted        |       |     1 ||     1
  Eat: Chunk             |     7 |     1 ||     8
       Ration            |       |     1 ||     1
Armor: Skin              |    36 |    18 ||    54
Dodge: Dodged            |    78 |    66 ||   144

Table legend:
 A = Spawn XP
 B = Non-spawn XP
 C = Spawn XP percentage of total XP
 D = Spawn monster count
 E = Non-spawn monster count
 F = Spawn count percentage of total count
 G = Total turns spent on level
                    A         B        C        D         E        F      G
               +---------+---------+-------+---------+---------+-------+---------
         Total |       0 |     666 |   0.0 |       0 |      78 |   0.0 |  3951
               +---------+---------+-------+---------+---------+-------+---------
           D:1 |       0 |      34 |   0.0 |       0 |      17 |   0.0 |  1510
           D:2 |       0 |      42 |   0.0 |       0 |      19 |   0.0 |   924
           D:3 |       0 |     137 |   0.0 |       0 |      32 |   0.0 |  1401
           D:4 |       0 |     453 |   0.0 |       0 |      10 |   0.0 |   116
               +---------+---------+-------+---------+---------+-------+---------

Vault maps used:
D:1:      evilmike_arrival_run_for_it, minmay_box_of_dots
D:2:      old_standard_altar
D:3:      nicolae_gozag_cash_rules_everything_around_me
D:4:      kennysheep_little_box, fiery_altar_vehumet, lemuel_round_altar,
          uniq_duvessa, uniq_ijyb

Table legend:
 A = Turns spent in this place as a percentage of turns spent in the entire game.
 B = Non-inter-level travel turns spent in this place as a percentage of non-inter-level travel turns spent in the entire game.
 C = Inter-level travel turns spent in this place as a percentage of turns spent in this place.
 D = Turns resting spent in this place as a percentage of non-inter-level travel turns spent in this place.
 E = Turns spent auto-exploring this place as a percentage of non-inter-level travel turns spent in this place.
 F = Non-inter-level travel turns spent in this place divided by the number of levels of this place that you've seen.
                   A       B       C       D       E      F
               +-------+-------+-------+-------+-------+----------------------
         Total | 100.0 | 100.0 |   3.4 |  39.7 |  35.5 | 954.5
       Dungeon | 100.0 | 100.0 |   3.4 |  39.7 |  35.5 | 954.5
               +-------+-------+-------+-------+-------+----------------------

Table legend:
 A = Kills in this place as a percentage of kills in entire the game.
 B = Kills by you in this place as a percentage of kills by you in the entire game.
 C = Kills by friends in this place as a percentage of kills by friends in the entire game.
 D = Other kills in this place as a percentage of other kills in the entire game.
 E = Experience gained in this place as a percentage of experience gained in the entire game.
 F = Experience gained in this place divided by the number of levels of this place that you have seen.
                   A       B       C       D       E      F
               +-------+-------+-------+-------+-------+----------------------
         Total | 100.0 | 100.0 |   N/A |   N/A | 100.0 | 166.5
       Dungeon | 100.0 | 100.0 |   N/A |   N/A | 100.0 | 166.5
               +-------+-------+-------+-------+-------+----------------------
